 Dungeon Crawl Stone Soup version 0.18.1-47-g9310371 (webtiles) character file.

75 qqqbard the Conjurer (level 4, -6/27 HPs)
             Began as a High Elf Conjurer on June 15, 2016.
             Killed from afar by Ijyb (8 damage)
             ... with a wand of acid
             ... on level 3 of the Dungeon.
             The game lasted 00:05:56 (2305 turns).

qqqbard the Conjurer (High Elf Conjurer)            Turns: 2305, Time: 00:05:57

Health: -6/27      AC:  4    Str:  7    XL:     4   Next: 11%
Magic:  2/9        EV: 12    Int: 20    God:
Gold:   56         SH:  0    Dex: 15    Spells: 2 memorised, 5 levels left

rFire  . . .     SeeInvis .     (no weapon)
rCold  . . .     Gourm    .     j - +0 leather armour
rNeg   . . .     Faith    .     (no shield)
rPois  .         Spirit   .     n - +0 helmet
rElec  .         Dismiss  .     (no cloak)
rCorr  .         Reflect  .     (no gloves)
SustAt .         Harm     .     (no boots)
MR     .....                    (no amulet)
Stlth  ++........               (no ring)
                                (no ring)

@: not resistant to hostile enchantments, unstealthy
A: no striking features
a: no special abilities


You were on level 3 of the Dungeon.
You were not hungry.

You visited 1 branch of the dungeon, and saw 3 of its levels.

You collected 56 gold pieces.

Inventory:

Armour
 j - a +0 leather armour (worn)
 n - a +0 helmet (worn)
Jewellery
 f - an uncursed ring of protection from cold {unknown}
 h - an uncursed amulet of dismissal {unknown}
 l - an uncursed ring of ice {unknown}
Scrolls
 a - 2 scrolls of remove curse
 g - 2 scrolls of amnesia {unknown}
 m - a scroll of teleportation {unknown}
 q - a scroll of magic mapping {unknown}
Potions
 d - 3 potions of curing {unknown}
 e - a potion of brilliance {unknown}
 i - a potion of degeneration {unknown}
 k - a potion of heal wounds {unknown}
 p - a potion of berserk rage {unknown}
Books
 b - a book of Conjurations

   Spells                             Type                      Level
   a - Magic Dart                     Conjuration                  1
   b - Searing Ray                    Conjuration                  2
   c - Dazzling Spray                 Conjuration/Hexes            3
   d - Fulminant Prism                Conjuration/Hexes            4
   e - Iskenderun's Mystic Blast      Conjuration                  4
   f - Iskenderun's Battlesphere      Conjuration/Charms           5
Comestibles
 c - a bread ration
 o - a beef jerky


   Skills:
 * Level 2.1 Armour
 - Level 2.4 Dodging
 - Level 2.1 Stealth
 - Level 2.9 Spellcasting
 - Level 5.1 Conjurations


You had 5 spell levels left.
You knew the following spells:

 Your Spells              Type           Power        Failure   Level  Hunger
a - Magic Dart            Conj           ###.         2%          1    None
b - Searing Ray           Conj           ###...       4%          2    ##.....


Dungeon Overview and Level Annotations

Branches:
Dungeon (3/15)

Altars:

Annotations:
D:3 Ijyb


Message History

Aiming: Magic Dart
Press: ? - help, Shift-Dir - straight line, f/p - Ijyb
Aim: Ijyb, wielding a dagger and wearing a leather armour (severely wounded)
The magic dart hits Ijyb.
Ijyb is severely wounded.
Ijyb hits you but does no damage.
Casting: Magic Dart
Confirm with . or Enter, or press ? or * to list all spells.
Aiming: Magic Dart
Press: ? - help, Shift-Dir - straight line, f/p - Ijyb
Aim: Ijyb, wielding a dagger and wearing a leather armour (severely wounded)
The magic dart hits Ijyb.
Ijyb is almost dead.
Ijyb zaps a wand.
The bolt of acid hits you!
The acid burns!
Ouch! That really hurt!
* * * LOW HITPOINT WARNING * * *
It is a wand of acid.
Ijyb zaps a wand.
The bolt of acid misses you.
Ijyb zaps a wand.
The bolt of acid hits you!
You die...

#######
#.....#
#.##.##
#.##.#
#######.##.#
#....<#.##.#
#.#####(##.#
#.......##@#
##########.#
#g#
...!.....#
##########


You could see Ijyb.

Vanquished Creatures
  An adder (D:2)
  2 worms (D:2)
  2 dart slugs
  A giant gecko (D:2)
  A giant cockroach (D:2)
  13 goblins
  7 hobgoblins
  5 jackals
  4 kobolds
  A quokka (D:2)
  A ball python (D:2)
  6 bats
  3 giant newts
  4 rats
51 creatures vanquished.

Notes
Turn   | Place    | Note
--------------------------------------------------------------
     0 | D:1      | qqqbard the High Elf Conjurer began the quest for the Orb.
     0 | D:1      | Reached XP level 1. HP: 11/11 MP: 4/4
   159 | D:1      | Reached XP level 2. HP: 15/17 MP: 0/6
   633 | D:1      | Reached skill level 5 in Conjurations
  1079 | D:2      | Reached XP level 3. HP: 21/21 MP: 1/8
  1470 | D:2      | Reached skill level 1 in Armour
  1508 | D:2      | Learned a level 2 spell: Searing Ray
  2017 | D:2      | Reached XP level 4. HP: 25/27 MP: 3/9
  2295 | D:3      | Noticed Ijyb
  2305 | D:3      | Killed from afar by Ijyb

Skill      XL: |  1  2  3 |
---------------+----------+-----
Conjurations   | 5 |  5.1
Armour         | 2 |  2.1
Dodging        | |  2.4
Stealth        | |  2.1
Spellcasting   | |  2.9

Action                   |  1- 3 |  4- 6 || total
-------------------------+-------+-------++-------
Melee: Unarmed           |     8 |       ||     8
 Cast: Magic Dart        |    97 |    14 ||   111
       Searing Ray       |     5 |       ||     5
  Use: Scroll            |     3 |       ||     3
  Eat: Chunk             |     3 |     1 ||     4
Armor: Leather armour    |    20 |     1 ||    21
Dodge: Dodged            |    29 |     1 ||    30
